 Dungeon Crawl Stone Soup version 0.31.0-12-g77e489cdc1 (webtiles) character file.

Game seed: 247690996490858710

15304 Faeranduil the Covert (level 12, -4/63 HPs)
             Began as a Spriggan Enchanter on Feb 15, 2024.
             Was a Priest of Vehumet.
             Slain by a torpor snail (21 damage)
             ... on level 9 of the Dungeon on Feb 24, 2024.
             The game lasted 01:39:03 (26638 turns).

Faeranduil the Covert (Spriggan Enchanter)         Turns: 26638, Time: 01:39:03

Health: -4/63      AC:  5    Str:  4    XL:     12   Next: 0%
Magic:  27/27      EV: 17    Int: 21    God:    Vehumet [***...]
Gold:   112        SH:  0    Dex: 16    Spells: 6/31 levels left

rFire   . . .        a - +1 dagger
rCold   + . .        (no shield)
rNeg    . . .        v - +0 steam dragon scales
rPois   .            (helmet restricted)
rElec   .            k - scarf {repulsion}
rCorr   .            (gloves unavailable)
SInv    +            (boots unavailable)
Will    ++...        (no amulet)
Stlth   +++++        p - ring of protection from cold
HPRegen 0.30/turn    (no ring)
MPRegen 0.20/turn

%: repel missiles
@: about to teleport, slowed, quick
A: very small, no large weapons, unfitting armour, see invisible, speed 3
a: Renounce Religion


You were on level 9 of the Dungeon.
You worshipped Vehumet.
Vehumet was most pleased with you.
You visited 3 branches of the dungeon, and saw 14 of its levels.
You also visited: Sewer.

You collected 752 gold pieces.
You spent 640 gold pieces at shops.

Inventory:

Hand Weapons
 a - a +1 dagger (weapon)
 n - a +0 short sword of protection
 r - a +1 whip of venom
Missiles
 b - 6 curare-tipped darts (quivered)
Armour
 k - a scarf of repulsion (worn)
 u - a +2 robe of cold resistance
 v - +0 steam dragon scales (worn)
 C - +0 acid dragon scales
 D - the +1 robe "Pohaq" {MP+9 Str+2 Int+3 Dex-3}
   (You found it on level 10 of the Dungeon)

   Str+2:     It affects your strength (+2).
   Int+3:     It affects your intelligence (+3).
   Dex-3:     It affects your dexterity (-3).
   MP+9:      It affects your magic capacity (+9).
Magical Staves
 s - a staff of conjuration
Jewellery
 p - a ring of protection from cold (left hand)
Wands
 d - a wand of flame (29)
 w - a wand of digging (10)
 A - a wand of polymorph (12)
 E - a wand of acid (4)
Scrolls
 e - 3 scrolls of teleportation
 h - a scroll of revelation
 q - a scroll of immolation
 t - 2 scrolls of torment
 y - 2 scrolls of vulnerability
 z - a scroll of acquirement {unknown}
 F - a scroll of enchant weapon {unknown}
 G - a scroll of enchant armour
Potions
 c - 3 potions of invisibility
 f - 5 potions of curing
 g - a potion of might
 i - 5 potions of enlightenment
 j - 3 potions of brilliance {unknown}
 l - a potion of attraction {unknown}
 m - a potion of resistance {unknown}
 o - 2 potions of heal wounds
 x - 2 potions of haste {unknown}
 B - a potion of mutation {unknown}


   Skills:
 + Level 7.2 Fighting
 - Level 10.0 Short Blades
 - Level 2.6 Dodging
 + Level 11.7 Stealth
 - Level 10.0 Spellcasting
 - Level 4.0 Conjurations
 + Level 8.4 Hexes
 + Level 0.6 Fire Magic
 - Level 4.0 Ice Magic
 - Level 4.0 Earth Magic
 + Level 1.3 Alchemy


You had 6 spell levels left.
You knew the following spells:

 Your Spells              Type           Power      Damage    Failure   Level
a - Magic Dart            Conj           100%       1d8       1%          1
b - Stone Arrow           Conj/Erth      54%        3d10      1%          3
c - Ensorcelled Hibernat  Hex/Ice        72%        N/A       1%          2
d - Mephitic Cloud        Conj/Alch/Air  17%        N/A       2%          3
e - Confusing Touch       Hex            46%        N/A       1%          3
f - Olgreb's Toxic Radia  Alch           15%        N/A       11%         4
g - Ignite Poison         Fire/Alch      14%        N/A       12%         4
x - Tukima's Dance        Hex            46%        N/A       1%          3
z - Blink                 Tloc           20%        N/A       10%         2

Your spell library contained the following spells:

 Spells                   Type           Power      Damage    Failure   Level
 Shock                    Conj/Air       72%        1d7       1%          1
 Jinxbite                 Hex            92%        N/A       1%          2
 Dazzling Flash           Conj/Hex       72%        N/A       1%          3
 Apportation              Tloc           20%        N/A       6%          1
 Cigotuvi's Dreadful Rot  Necr/Alch/Air  24%        N/A       9%          2
 Call Imp                 Summ           20%        N/A       10%         2
 Freezing Cloud           Conj/Ice/Air   10%        6-21      16%         5
 Arcjolt                  Conj/Air       9%         1d19      21%         5
 Animate Armour           Summ/Erth      36%        N/A       28%         4
 Silence                  Hex/Air        14%        N/A       32%         5
 Vhi's Electric Charge    Tloc/Air       20%        N/A       54%         4
 Alistair's Intoxication  Alch           10%        N/A       71%         5
 Curse of Agony           Necr           10%        N/A       87%         5
 Plasma Beam              Fire/Air       5%         2x1d16    88%         6
 Lehudib's Crystal Spear  Conj/Erth      13%        10d5      100%        8


Dungeon Overview and Level Annotations

Branches:
Dungeon (12/15)            Temple (1/1) D:4            Lair (1/5) D:9
    Orc (0/2) D:10          Sewer (visited)

Altars:
Ashenzari
Cheibriados
Dithmenos
Elyvilon
Fedhas
Gozag
Hepliaklqana
Kikubaaqudgha
Makhleb
Nemelex Xobeh
Okawaru
Qazlal
Ru
Sif Muna
Trog
Uskayaw
Vehumet
Wu Jian
Xom
Yredelemnul
Zin
The Shining One

Shops:
D:7 :   D:8 (   D:9 *

Portals:
Trove: D:10 (give 4 scrolls of fear)

Annotations:
D:1 1 runed translucent door
D:5 Menkaure
D:8 Joseph


Innate Abilities, Weirdness & Mutations

You are very small and have problems with some larger weapons.
You are too small for most types of armour.
You have supernaturally acute eyesight. (SInv)
You cover ground extremely quickly. (Speed+++)


Message History

Vehumet accepts your kill.
You have reached level 12!
You start resting.
HP restored.
You start resting.
Magic restored.
You see here a bullfrog corpse.
You enter the shallow water.
Moving in this stuff is going to be slow.
There is a staircase to the Lair here.
You climb downwards.
Welcome back to the Lair of Beasts!
You feel an oppressive heat about you.
There is an entrance to a volcano on this level.
Hurry and find it before the entrance collapses!
You hear the slow rumble of a very distant avalanche of rocks.
The water moccasin closely misses you.
The water moccasin bites you but does no damage.
There is a staircase back to the Dungeon here.
The water moccasin bites you.
The dream sheep shake their wool and sparkle.
You feel drowsy...
You fall asleep.
You stop ascending the stairs.
The torpor snail bites you!!!
You wake up.
Ouch! That really hurt!
* * * LOW HITPOINT WARNING * * *
Being near the torpor snail leaves you feeling lethargic.
The water moccasin misses you. The water moccasin misses you.
The torpor snail barely misses you. The water moccasin misses you.
You climb upwards.
Welcome back to the Dungeon!
There is a staircase to the Lair here.
Okay, then.
You feel much better. The water moccasin closely misses you.
The torpor snail closely misses you. The water moccasin misses you.
As you read the scroll of teleportation, it crumbles to dust.
You feel strangely unstable. The water moccasin closely misses you.
The torpor snail bites you!
* * * LOW HITPOINT WARNING * * *
The water moccasin misses you.
The torpor snail attacks as it pursues you!
The torpor snail bites you!!
You die...

#...............)#[......
#..............).#####...
#..~....~.~..≈~..# #...
#.......~~~~~≈~..# #...
#..~~≈≈~.~≈≈≈≈.~.# #...
#....≈≈~~~≈≈≈≈~..# #.[.
#....≈≈≈≈≈≈~≈≈~~≈# #.).
##.~~~≈.~.~.~≈≈~≈# #...
#..≈~~.@..~≈≈≈≈≈# ##'#
#..~~.~wS..≈≈≈≈≈# #..
#~.~~......~≈≈≈≈# ###
#..~≈~.~..~~≈≈~≈# #
#..~~~.~...~≈≈~.# #####
#...≈~~~...~~~..# #...[
#...~≈~~.~~.~~(.####....
#.†~≈≈~~.~≈~............
#..~≈≈~≈.~≈~~...####<...


You could see a torpor snail and a water moccasin.

Vanquished Creatures
  A boulder beetle (D:10)
  3 two-headed ogres
  3 ugly things
  A cyclops (D:9)
  A manticore (D:10)
  4 gargoyles
  An unseen horror (D:10)
  3 trolls
  A hornet (D:9)
  4 slime creatures
  A vampire (D:11)
  A shadow (D:10)
  A wyvern (D:10)
  2 wraiths (D:10)
  8 yaks
  2 steam dragons
  An acid dragon (D:10)
  Duvessa (D:4)
  8 orc warriors
  An ice beast (D:7)
  3 black bears
  3 sky beasts
  3 wolves (D:9)
  2 centaurs
  2 kobold brigands
  Blork the orc (D:4)
  6 bullfrogs
  A brain worm (Sewer)
  A gnoll sergeant (D:10)
  A scorpion (D:6)
  12 wights
  Dowan (D:4)
  6 killer bees (D:10)
  3 electric eels (D:9)
  6 howler monkeys
  A quasit (D:8)
  A bombardier beetle (D:6)
  A jelly (D:5)
  7 orc priests
  4 gnoll boudas
  10 hounds
  An iguana (D:6)
  3 sleepcaps
  Ijyb (D:5)
  Terence (D:2)
  7 orc wizards
  Robin (D:3)
  23 gnolls
  10 adders
  3 river rats (Sewer)
  4 shadow imps
  2 white imps (D:8)
  4 ufetubi
  2 dart slugs
  3 ribbon worms
  21 orcs
  9 ball pythons
  8 endoplasms
  8 giant cockroaches
  12 goblins
  8 hobgoblins
  6 jackals
  10 kobolds
  5 quokkas
  9 bats
  A frilled lizard (D:1)
  2 goblin skeletons (D:3)
  A goblin zombie (D:3)
  3 hobgoblin zombies (D:3)
  2 kobold zombies (D:3)
  2 orc skeletons (D:3)
  4 rats
299 creatures vanquished.

Vanquished Creatures (collateral kills)
  Edmund (D:4)
  An orc warrior (D:7)
  A killer bee (D:10)
  An orc wizard (D:8)
4 creatures vanquished.

Vanquished Creatures (others)
  11 dancing weapons
  A human (D:3)
12 creatures vanquished.

Grand Total: 315 creatures vanquished

Notes
Turn   | Place    | Note
-------+----------+-------------------------------------------
     0 | D:1      | Faeranduil the Spriggan Enchanter began the quest for the
                  | Orb.
     0 | D:1      | Reached XP level 1. HP: 9/9 MP: 5/5
     0 | D:1      | Noticed a jelly
     1 | D:1      | Found a runed translucent door.
   812 | D:1      | Reached skill level 5 in Stealth
   812 | D:1      | Reached XP level 2. HP: 13/13 MP: 6/6
   815 | D:1      | Learned a level 2 spell: Ensorcelled Hibernation
  1765 | D:2      | Noticed Terence
  2110 | D:2      | Reached XP level 3. HP: 16/16 MP: 5/8
  2609 | D:2      | Reached skill level 6 in Stealth
  2660 | D:2      | Killed Terence
  2661 | D:2      | Reached XP level 4. HP: 21/21 MP: 6/9
  2730 | D:2      | Found a faded altar of an unknown god.
  3015 | D:3      | Found a glowing drain.
  3021 | Sewer    | Entered a sewer
  3034 | Sewer    | Reached skill level 7 in Stealth
  3103 | Sewer    | Learned a level 1 spell: Magic Dart
  3368 | Sewer    | Reached XP level 5. HP: 24/24 MP: 8/10
  4341 | Sewer    | Reached skill level 5 in Hexes
  4467 | Sewer    | Reached skill level 8 in Stealth
  4756 | D:3      | Found a glowing golden altar of the Shining One.
  4867 | D:3      | Reached XP level 6. HP: 28/28 MP: 4/11
  5058 | D:3      | Noticed Robin
  5355 | D:3      | Killed Robin
  5606 | D:3      | Found an ancient bone altar of Kikubaaqudgha.
  5606 | D:3      | Noticed a human
  5610 | D:3      | Killed a human
  6682 | D:4      | Noticed Ijyb
  6824 | D:4      | Noticed Blork the orc
  6831 | D:4      | Killed Blork the orc
  6989 | D:4      | Reached skill level 1 in Fighting
  6989 | D:4      | Reached skill level 1 in Ice Magic
  7196 | D:4      | Noticed Duvessa
  7196 | D:4      | Noticed Dowan
  7217 | D:4      | Found a staircase to the Ecumenical Temple.
  7227 | Temple   | Entered the Ecumenical Temple
  7234 | Temple   | Became a worshipper of Vehumet
  7473 | D:4      | Noticed Edmund
  7759 | D:3      | Learned a level 3 spell: Confusing Touch
  7763 | D:3      | Learned a level 3 spell: Tukima's Dance
  7940 | D:4      | Reached skill level 1 in Conjurations
  8303 | D:4      | Killed Edmund
  8304 | D:4      | Reached XP level 7. HP: 14/33 MP: 1/13
  8427 | D:4      | Killed Duvessa
  8486 | D:4      | Killed Dowan
  8888 | D:5      | Entered Level 5 of the Dungeon
  9018 | D:5      | Killed Ijyb
  9837 | D:5      | Noticed Menkaure
 10122 | D:5      | Reached skill level 5 in Short Blades
 10122 | D:5      | Reached XP level 8. HP: 30/39 MP: 13/15
 10746 | D:6      | Reached skill level 5 in Spellcasting
 11286 | D:6      | Reached * piety under Vehumet
 11286 | D:6      | Offered knowledge of Freeze by Vehumet.
 12506 | D:6      | Reached XP level 9. HP: 32/44 MP: 8/18
 12602 | D:6      | Learned a level 2 spell: Blink
 14177 | D:7      | Found a glowing silver altar of Zin.
 14177 | D:7      | Noticed an angel
 14817 | D:7      | Identified the +0 leather armour of the Hart {-Tele Int+7
                  | SInv}
 14837 | D:7      | Noticed a brown ugly thing
 14880 | D:6      | Learned a level 3 spell: Mephitic Cloud
 14907 | D:7      | Found Liblazis's Book Boutique.
 14912 | D:7      | Bought a book of Armaments for 360 gold pieces
 14916 | D:7      | Learned a level 3 spell: Stone Arrow
 15697 | D:6      | Killed a brown ugly thing
 15698 | D:6      | Reached skill level 1 in Earth Magic
 16525 | D:8      | Reached XP level 10. HP: 49/51 MP: 5/21
 17104 | D:8      | Found Gucyth's Antique Weapon Boutique.
 17376 | D:8      | Noticed Joseph
 17646 | D:8      | Offered knowledge of Momentum Strike by Vehumet.
 17665 | D:8      | Reached ** piety under Vehumet
 19238 | D:9      | Noticed a gargoyle
 19569 | D:9      | Found Lil Rir's Overcharged Wands.
 19967 | D:9      | Killed a gargoyle
 19968 | D:9      | Reached skill level 5 in Fighting
 20268 | D:9      | Reached skill level 10 in Short Blades
 20499 | D:9      | Found a staircase to the Lair.
 20517 | D:9      | Noticed a cyclops
 20915 | D:10     | Entered Level 10 of the Dungeon
 20998 | D:10     | Found a shadowy altar of Dithmenos.
 21000 | D:10     | Found a stormy altar of Qazlal.
 21009 | D:10     | Noticed a gargoyle
 21014 | D:10     | Found a portal to a secret trove of treasure.
 21018 | D:10     | Killed a gargoyle
 21201 | D:10     | Noticed a gargoyle
 21737 | D:10     | Killed a gargoyle
 21975 | D:10     | Reached XP level 11. HP: 56/56 MP: 13/24
 22303 | D:10     | Found a large runed translucent door.
 22304 | D:10     | Found a large runed translucent door.
 22308 | D:10     | Noticed a skeletal warrior
 22322 | D:10     | Found a large runed translucent door.
 22322 | D:10     | Found a large runed translucent door.
 22335 | D:10     | Found a staircase to the Orcish Mines.
 22573 | D:10     | Noticed a two-headed ogre
 22586 | D:10     | Killed a two-headed ogre
 22587 | D:10     | Reached skill level 9 in Stealth
 23023 | D:10     | Noticed a two-headed ogre
 23102 | D:10     | Killed a two-headed ogre
 23320 | D:10     | Reached skill level 10 in Stealth
 23634 | D:10     | Offered knowledge of Mercury Vapours by Vehumet.
 23637 | D:10     | Noticed a boulder beetle
 23768 | D:10     | Noticed a brown ugly thing
 23780 | D:10     | Killed a brown ugly thing
 24000 | D:10     | Got the Compilation of the Birds
 24078 | D:10     | Reached *** piety under Vehumet
 24200 | D:10     | Identified the staff "Ymenopn" {rPois rC+ Will+ Str-5
                  | Alchemy}
 24346 | D:10     | Killed a boulder beetle
 24347 | D:10     | Reached skill level 10 in Spellcasting
 24373 | D:10     | Identified the +1 robe "Pohaq" {MP+9 Str+2 Int+3 Dex-3}
 24453 | D:11     | Noticed a two-headed ogre
 24457 | D:11     | Killed a two-headed ogre
 24458 | D:11     | Reached skill level 11 in Stealth
 24857 | D:11     | Noticed a green ugly thing
 25328 | D:11     | Killed a green ugly thing
 25352 | D:11     | Offered knowledge of Olgreb's Toxic Radiance by Vehumet.
 25430 | D:11     | Learned a level 4 spell: Olgreb's Toxic Radiance
 25709 | D:7      | Bought a Trismegistus Codex for 280 gold pieces
 25877 | D:7      | Learned a level 4 spell: Ignite Poison
 25942 | D:10     | Reached skill level 1 in Alchemy
 26451 | Lair:1   | Entered Level 1 of the Lair of Beasts
 26592 | D:9      | Reached XP level 12. HP: 61/63 MP: 20/27
 26633 | Lair:1   | HP: 1/63 [torpor snail (59)]
 26638 | D:9      | Slain by a torpor snail

Illustrated notes

Levels and vault maps discovered:
D:1:      dpeg_arrival_caged_fury, layout_basic
D:2:      layout_rooms, chequers_ecumenical_altar_grove, uniq_terence
D:3:      layout_loops_corners, nicolae_tso_besieged_by_evil, tgw_kikubaaqudgha,
          gup_sewer_entry_bubbles, uniq_robin
D:4:      layout_basic, minmay_temple_entry_large_hall,
          nicolae_elevator_lobby_asterisk, uniq_edmund, uniq_duvessa,
          uniq_blork_the_orc, uniq_ijyb
D:5:      layout_loops_corners, uniq_menkaure
D:6:      layout_cave_pools, serial_library_hellmonk_filled_rooms
D:7:      layout_loops_cross, zin_angel, serial_shops, shop,
          dreamdust_gnoll_farm
D:8:      layout_basic, serial_demonic, serial_demonic_e, serial_demonic_a,
          serial_demonic_e, serial_demonic_d, serial_demonic_a, serial_shops,
          shop, minmay_diced_spiral, uniq_joseph
D:9:      layout_roguey, erik_lair_island, nicolae_shop_overcharged_wands
D:10:     layout_basic, nicolae_overflow_hidden_temple, david_orc_3,
          enter_trove_2, minmay_hollow_rounded_squares
D:11:     layout_roguey
D:12:     layout_basic, special_room [special_room_bee]
Temple:   sentei_temple_godly_chess
Lair:1:   layout_cave_pods, nicolae_volcano_entry_vermiform,
          infiniplex_staircase_pool_2

Skill      XL: |  1  2  3  4  5  6  7  8  9 10 11 |
---------------+----------------------------------+-----
Stealth        | 5 6 7 8 11 | 11.7
Hexes          | 4 5 8 |  8.4
Short Blades   | 2 3 5 6 8 10 | 10.0
Spellcasting   | 3 4 5 7 8 10 | 10.0
Fighting       | 1 2 3 4 5 7 |  7.2
Ice Magic      | 1 2 3 4 |  4.0
Conjurations   | 1 2 3 4 |  4.0
Earth Magic    | 1 4 |  4.0
Alchemy        | 1 |  1.3
Dodging        | |  2.6
Fire Magic     | |  0.6

Action                     |  1- 3 |  4- 6 |  7- 9 | 10-12 || total
---------------------------+-------+-------+-------+-------++-------
  Melee: Dagger            |    70 |   144 |    84 |    37 ||   335
         Punch             |     1 |     1 |     1 |       ||     3
   Cast: Ensorcelled Hiber |    28 |    59 |   101 |    47 ||   235
         Magic Dart        |       |   140 |   264 |    85 ||   489
         Tukima's Dance    |       |     2 |    14 |    18 ||    34
         Confusing Touch   |       |     1 |     2 |     1 ||     4
         Stone Arrow       |       |       |    24 |   187 ||   211
         Mephitic Cloud    |       |       |    10 |     6 ||    16
         Olgreb's Toxic Ra |       |       |       |     4 ||     4
         Ignite Poison     |       |       |       |     2 ||     2
    Use: Scroll            |       |     6 |     4 |     2 ||    12
         Potion            |       |     1 |     2 |     1 ||     4
   Stab: Sleeping          |    27 |    41 |    46 |    29 ||   143
         Confused          |       |       |       |     1 ||     1
 Armour: Robe              |    18 |    56 |    58 |       ||   132
         Steam dragon scal |       |       |     3 |    62 ||    65
  Dodge: Dodged            |    48 |   100 |   114 |   100 ||   362
         Repelled          |       |     1 |     1 |     3 ||     5
